 Dungeon Crawl Stone Soup version 0.18-a0-1203-gbde16db (webtiles) character file.

1440 krabocopter the Basher (level 8, -1/46 HPs)
             Began as a Gargoyle Fighter on Jan 31, 2016.
             Slain by a killer bee (5 damage)
             ... on level 7 of the Dungeon.
             The game lasted 00:17:21 (4668 turns).

krabocopter the Basher (Gargoyle Fighter)           Turns: 4668, Time: 00:17:23

Health: -1/46      AC: 16    Str: 26    XL:     8   Next: 74%
Magic:  0/8        EV:  8    Int:  8    God:
Gold:   268        SH: 11    Dex: 11    Spells: 0 memorised, 7 levels left

rFire  . . .     SeeInvis .     a - +0 flail
rCold  . . .     Gourm    .     b - +0 scale mail
rNeg   + + .     Faith    .     c - +0 shield
rPois  ∞         Spirit   +     E - +0 hat
rElec  +         Dismiss  .     o - +0 cloak
rCorr  .         Reflect  .     B - +0 pair of gloves
SustAt .         Harm     .     g - +0 pair of boots
MR     .....                    F - amulet of guardian spirit
Stlth  ..........               v - ring of flight
                                G - ring of positive energy

@: mighty, flying, not resistant to hostile enchantments, extremely unstealthy
A: negative energy resistance 1, electricity resistance, unbreathing,
petrification resistance, rot immunity, AC +5
a: no special abilities


You were on level 7 of the Dungeon.
You were not hungry.

You visited 1 branch of the dungeon, and saw 7 of its levels.

You collected 268 gold pieces.

Inventory:

Hand Weapons
 a - a +0 flail (weapon)
 L - a +2 war axe of chopping
Armour
 b - a +0 scale mail (worn)
 c - a +0 shield (worn)
 g - a +0 pair of boots (worn)
 o - a +0 cloak (worn)
 B - a +0 pair of gloves (worn)
 E - a +0 hat (worn)
Jewellery
 l - an uncursed ring of ice
 n - an uncursed amulet of rage
 v - a ring of flight (right hand)
 F - an amulet of guardian spirit (around neck)
 G - a ring of positive energy (left hand)
Wands
 t - a wand of confusion (14/48)
 D - a wand of draining (6/15)
Scrolls
 e - 2 scrolls of teleportation {unknown}
 h - a scroll of blinking {unknown}
 i - 4 scrolls of identify {unknown}
 j - 3 scrolls of recharging {unknown}
 p - 3 scrolls of remove curse {unknown}
 u - a scroll of noise {unknown}
 w - a scroll of amnesia {unknown}
 y - a scroll of fog {unknown}
 z - a scroll of immolation {unknown}
 C - 2 scrolls of enchant weapon {unknown}
 K - a scroll of magic mapping {unknown}
Potions
 k - 2 potions of curing
 m - a potion of lignification {unknown}
 r - 3 potions of flight
 s - a potion of brilliance {unknown}
 x - a potion of cure mutation {unknown}
 I - 2 potions of heal wounds {unknown}
Comestibles
 f - 4 bread rations
 q - 5 fruits
 A - a royal jelly
 H - a slice of pizza
 J - 3 chunks of flesh


   Skills:
 - Level 3.2 Fighting
 - Level 8.2 Maces & Flails
 + Level 6.1 Armour
 + Level 6.3 Shields


You had 7 spell levels left.
You didn't know any spells.

Dungeon Overview and Level Annotations

Branches:
Dungeon (7/15)
 Temple: D:4-7

Altars:
Dithmenos
Pakellas
Ru
Trog
Vehumet

Shops:
D:4 =

Annotations:
D:6 PeterLawrence's ghost, novice MiFi


Innate Abilities, Weirdness & Mutations

You are resistant to torment.
Your stone body is resilient (AC +5).
You are immune to poison.
You resist negative energy.
You are resistant to electric shocks.
You can survive without breathing.
You are immune to petrification.
You are immune to rotting.


Message History

The killer bee stings you.
* * * LOW HITPOINT WARNING * * *
You miss the killer bee.
The killer bee is heavily wounded.
You block the killer bee's attack. The killer bee barely misses you. x2
The killer bee stings you but does no damage. x2
You block the killer bee's attack. The killer bee barely misses you.
The killer bee stings you but does no damage.
The killer bee stings you.
* * * LOW HITPOINT WARNING * * *
The killer bee barely misses you.
Drink which item? (? for menu, Esc to quit)
It was a potion of flight.
You feel very buoyant.
You fly up into the air.
The killer bee stings you but does no damage. x2
The killer bee barely misses you. You block the killer bee's attack.
The killer bee stings you but does no damage.
You block the killer bee's attack. The killer bee stings you.
You die...

...........
.##.........#
......#....#
..........#
.y.......#
........#
#.##y...#
...#.##.#y@.##
.........yyy.#
..........r###
...##........#
. #....##..#
..#...# #..#
###...## #..#
....# #.#
#..### ..


You could see 5 killer bees and a quokka.

Vanquished Creatures
  Sigmund (D:3)
  Menkaure (D:5)
  A sky beast (D:3)
  A phantom (D:4)
  2 ogres
  2 centaurs (D:5)
  A giant frog (D:6)
  A crimson imp (D:5)
  3 orc wizards
  A giant frog skeleton (D:5)
  2 iguanas
  Ijyb (D:2)
  2 worker ants
  A hound zombie (D:6)
  13 gnolls
  10 adders
  A shadow imp (D:5)
  An ooze (D:4)
  An adder skeleton (D:4)
  2 worms
  4 giant geckos
  14 orcs
  A ball python (D:4)
  10 bats
  4 giant cockroaches
  6 goblins
  7 hobgoblins
  15 jackals
  2 quokkas
  4 giant newts
  3 kobolds
  6 rats
124 creatures vanquished.

Notes
Turn   | Place    | Note
--------------------------------------------------------------
     0 | D:1      | krabocopter the Gargoyle Fighter began the quest for the Orb.
     0 | D:1      | Reached XP level 1. HP: 14/14 MP: 1/1
   151 | D:1      | Reached XP level 2. HP: 19/19 MP: 2/2
   508 | D:2      | Reached XP level 3. HP: 13/23 MP: 3/3
   521 | D:2      | Reached skill level 4 in Maces & Flails
   928 | D:2      | Reached XP level 4. HP: 28/28 MP: 4/4
  1171 | D:2      | Found a sacrificial altar of Ru.
  1172 | D:2      | Noticed Ijyb
  1188 | D:2      | Killed Ijyb
  1284 | D:2      | Reached skill level 5 in Maces & Flails
  1287 | D:2      | Reached XP level 5. HP: 27/32 MP: 5/5
  1369 | D:3      | Noticed a sky beast
  1434 | D:3      | Killed a sky beast
  1434 | D:3      | Reached skill level 6 in Maces & Flails
  1434 | D:3      | Reached XP level 6. HP: 16/37 MP: 6/6
  1644 | D:3      | Noticed Sigmund
  1658 | D:3      | Killed Sigmund
  1658 | D:3      | Reached skill level 7 in Maces & Flails
  1822 | D:3      | Found a radiant altar of Vehumet.
  1966 | D:3      | Reached XP level 7. HP: 41/41 MP: 7/7
  2591 | D:4      | Found Kugha's Jewellery Shop.
  2633 | D:4      | Found a shadowy altar of Dithmenos.
  2715 | D:4      | Reached skill level 8 in Maces & Flails
  3596 | D:4      | Reached XP level 8. HP: 42/46 MP: 8/8
  3670 | D:5      | Entered Level 5 of the Dungeon
  3713 | D:5      | Noticed Menkaure
  3720 | D:5      | Killed Menkaure
  3720 | D:5      | Reached skill level 5 in Armour
  3720 | D:5      | Reached skill level 5 in Shields
  3950 | D:5      | Found a bloodstained altar of Trog.
  3999 | D:5      | Found an oddly glowing altar of Pakellas.
  4496 | D:6      | Noticed PeterLawrence's ghost (novice MiFi)
  4668 | D:7      | Slain by a killer bee

Vault maps used:
D:1:      erik_arrival_triangle_small, minmay_strange_pillars
D:2:      lemuel_round_altar, uniq_iyjb
D:3:      lemuel_crystal_altar, uniq_sigmund
D:4:      lemuel_upstairs_altar, nicolae_dithmenos_through_a_glass_darkly,
          first_bread, serial_shops, shop
D:5:      lemuel_round_altar, solitary_fountain, grunt_ministairs_6,
          grunt_pakellas_mercury, uniq_menkaure
D:6:      lemuel_crystal_altar, minivault_11
D:7:      kennysheep_mini_moat, minmay_temple_entry_overgrown

Action                   |  1- 3 |  4- 6 |  7- 9 || total
-------------------------+-------+-------+-------++-------
Melee: Flail             |    76 |   207 |   371 ||   654
  Use: Potion            |       |       |     2 ||     2
  Eat: Chunk             |       |     4 |     9 ||    13
